 Dungeon Crawl Stone Soup version 0.16.1-16-gc44b35d (webtiles) character file.

51 Siriah the Charlatan (level 3, 0/32 HPs)
             Began as a Naga Artificer on Apr 19, 2015.
             Slain by Terence
             ... wielding a +3 trident of flaming
              (1 damage)
             ... on level 2 of the Dungeon.
             The game lasted 00:04:58 (1711 turns).

Siriah the Charlatan (Naga Artificer)               Turns: 1711, Time: 00:04:59

Health: 0/32       AC:  3    Str: 14    XL:     3   Next: 81%
Magic:  4/4        EV:  9    Int: 12    God:
Gold:   30         SH:  3    Dex: 11    Spells: 0 memorised, 2 levels left

rFire  . . .     SeeInvis +     p - -1 hand axe (curse)
rCold  . . .     Clarity  .     e - +0 leather armour
rNeg   . . .     SustAb   .     g - +0 buckler
rPois  +         Gourm    .     (no helmet)
rElec  .         Spirit   .     i - +0 cloak
rCorr  .         Warding  .     (no gloves)
rMut   .         Stasis   .     (no barding)
MR     .....                    (no amulet)
Stlth  ++........               (no ring)
                                (no ring)

@: short of breath, very slow, not resistant to hostile enchantments, unstealthy
A: spit poison, see invisible, deformed body, poison resistance, slowness 2, AC
+1
a: Spit Poison


You were on level 2 of the Dungeon.
You were hungry.

You visited 1 branch of the dungeon, and saw 2 of its levels.

You collected 30 gold pieces.

Inventory:

Hand weapons
 a - a +0 short sword
 p - a cursed -1 hand axe (weapon)
Armour
 e - a +0 leather armour (worn)
 g - a +0 buckler (worn)
 i - a +0 cloak (worn)
Magical devices
 b - a wand of flame (14)
 c - a wand of enslavement (14)
 d - a wand of random effects (11)
Scrolls
 j - a scroll of identify
Potions
 h - 2 potions of curing
 n - a potion of haste
Comestibles
 f - a bread ration
 k - 2 meat rations


   Skills:
 + Level 1.8 Fighting
 - Level 1.0 Short Blades
 + Level 2.1 Dodging
 + Level 2.0 Stealth
 + Level 0.1 Shields
 + Level 3.8 Evocations


You had 2 spell levels left.
You didn't know any spells.

Dungeon Overview and Level Annotations

Branches:
Dungeon (2/15)

Altars:
Kikubaaqudgha

Annotations:
D:2 Robin, Terence


Innate Abilities, Weirdness & Mutations

You cannot wear boots.
You can spit poison.
Your serpentine skin is tough (AC +1).
You have supernaturally acute eyesight.
Armour fits poorly on your strangely shaped body.
Your system is resistant to poisons.
You cover ground very slowly.


Message History

Zapping:
b - a wand of flame (15)
Press: ? - help, Shift-Dir - straight line, f/p - Terence
Aim: Terence, wielding a trident of flaming and wearing a scale mail The puff of flame hits Terence.
Terence is moderately wounded.
This wand has 14 charges left.
Terence hits you with a trident of flaming.
* * * LOW HITPOINT WARNING * * *
Terence burns you.
* * * LOW HITPOINT WARNING * * *
Use which ability? (? or * to list)
Press: ? - help, Shift-Dir - straight line, f/p - Terence
Aim: Terence, wielding a trident of flaming and wearing a scale mail (moderately wounded)
The splash of poison hits Terence.
Terence is heavily wounded.
You feel slightly more hungry.
Terence hits you with a trident of flaming.
* * * LOW HITPOINT WARNING * * *
Terence burns you.
You die...

#..# ... #..# ... #..# #.#
#..# #.# #..# #.#
#..######.#
#..)@.....#####..# # #
#@#######.........
.#.######@#######.####(###
#.##..............#
##.#..#......#######
##....###........#
#####......#......##.#
...................# #
........<..#(#######
#######...##.# ##.###.#


You could see Terence.

Vanquished Creatures
  2 giant mites (D:1)
  2 giant geckos (D:1)
  A ball python (D:1)
  2 giant cockroaches (D:1)
  4 hobgoblins
  5 jackals (D:1)
  5 bats (D:1)
  A giant newt (D:1)
  4 goblins
  2 kobolds (D:1)
  6 rats
34 creatures vanquished.

Vanquished Creatures (others)
  A goblin (D:2)
1 creature vanquished.

Grand Total: 35 creatures vanquished

Notes
Turn   | Place    | Note
--------------------------------------------------------------
     0 | D:1      | Siriah, the Naga Artificer, began the quest for the Orb.
     0 | D:1      | Reached XP level 1. HP: 18/18 MP: 1/1
    25 | D:1      | Reached XP level 2. HP: 18/25 MP: 3/3
   857 | D:1      | Reached XP level 3. HP: 6/31 MP: 4/4
  1572 | D:2      | Found an ancient bone altar of Kikubaaqudgha.
  1588 | D:2      | Noticed Robin
  1689 | D:2      | Noticed Terence
  1711 | D:2      | HP: 1/32 [Terence/trident of flaming (6)]
  1711 | D:2      | Slain by Terence

Action                   || total
-------------------------++-------
Melee: Short sword       ||    93
       Hand axe          ||    23
       Unarmed           ||     1
 Abil: Spit Poison       ||    14
Evoke: Wand              ||     6
  Use: Scroll            ||     4
       Potion            ||     1
  Eat: Chunk             ||     3
